 Dungeon Crawl Stone Soup version 0.22.1-2-g9c5b331 (webtiles) character file.

4846 shamaniam the Grappler (level 10, 0/94 HPs)
             Began as a Troll Transmuter on Nov 25, 2018.
             Was an Initiate of Ru.
             Slain by Joseph
             ... wielding a +0 quarterstaff
              (18 damage)
             ... on level 8 of the Dungeon.
             The game lasted 00:37:02 (8624 turns).

shamaniam the Grappler (Troll Transmuter)           Turns: 8624, Time: 00:37:02

Health: 0/94       AC:  9    Str: 20    XL:     10   Next: 25%
Magic:  15/15      EV: 10    Int: 12    God:    Ru [......]
Gold:   686        SH:  0    Dex:  8    Spells: 7/17 levels left

rFire    . . .     SeeInvis .     - Unarmed
rCold    . . .     Gourm    +   (no shield)
rNeg     . . .     Faith    .   g - +0 robe
rPois    .         Spirit   .   D - +2 hat
rElec    .         Reflect  .   k - +1 cloak
rCorr    .         Harm     .   (gloves unavailable)
MR       +....                  (boots unavailable)
Stlth    +.........             (no amulet)
HPRegen  0.65/turn              f - ring of protection from magic
MPRegen  0.14/turn              (no ring)

@: no status effects
A: large, unfitting armour, claws 3, clumsy 1, fast metabolism 3, gourmand,
regeneration 1, shaggy fur 1, tough skin 2
a: Renounce Religion


You were on level 8 of the Dungeon.
You worshipped Ru.
Ru was noncommittal.
You were completely stuffed.

You visited 2 branches of the dungeon, and saw 9 of its levels.
You also visited: Ossuary.

You collected 740 gold pieces.
You spent 54 gold pieces at shops.

Inventory:

Hand Weapons
 b - a +0 blowgun
 s - the +2 spear "Bigufaa" {pierce, Str+7 Dex+3 SInv}
   (You found it on level 4 of the Dungeon)

   It inflicts extra damage upon your enemies.
   It affects your strength (+7).
   It affects your dexterity (+3).
   It lets you see invisible.
 B - a +1 spear of flaming
Missiles
 a - 68 arrows
 n - 21 poisoned needles
 p - a throwing net (quivered)
Armour
 g - a +0 robe (worn)
 k - a +1 cloak (worn)
 v - a +0 shield
 D - a +2 hat (worn)
Jewellery
 f - a ring of protection from magic (left claw)
Wands
 y - a wand of iceblast (8)
Scrolls
 c - 3 scrolls of enchant weapon
 h - 4 scrolls of identify
 i - a scroll of fog {unknown}
 j - a scroll of blinking
 t - 2 scrolls of remove curse
 w - a scroll of random uselessness {unknown}
 x - 2 scrolls of enchant armour
 A - a scroll of magic mapping
Potions
 e - 2 potions of agility
 l - a potion of ambrosia
 m - 3 potions of lignification
 o - a potion of brilliance
 q - 2 potions of flight
 r - a potion of mutation
 u - a potion of curing
 z - 2 potions of haste {unknown}
 C - a potion of degeneration {unknown}
Comestibles
 d - 10 rations
 E - 17 chunks of flesh


   Skills:
 + Level 4.9 Fighting
 + Level 1.3 Armour
 - Level 3.0 Dodging
 * Level 5.1 Shields
 * Level 8.5 Unarmed Combat
 + Level 4.0 Spellcasting
 + Level 1.1 Hexes
 + Level 4.7 Transmutations


You had 7 spell levels left.
You knew the following spells:

 Your Spells              Type           Power        Failure   Level  Hunger
a - Beastly Appendage     Tmut           ##....       3%          1    #......
b - Sticks to Snakes      Tmut           ##......     4%          2    ##.....
c - Blade Hands           Tmut           ##........   65%         5    ######.
d - Confusing Touch       Hex            #.....       14%         1    #......
e - Apportation           Tloc           #.....       22%         1    #......

Your spell library contained the following spells:

 Spells                   Type           Power        Failure   Level  Hunger
 Animate Skeleton         Necr           N/A          22%         1    #......
 Summon Small Mammal      Summ           #...         22%         1    #......
 Spider Form              Tmut/Pois      #.........   26%         3    ###....
 Ice Form                 Ice/Tmut       #.......     63%         4    #####..


Dungeon Overview and Level Annotations

Branches:
Dungeon (8/15)             Temple (1/1) D:7
   Lair: D:8-11

Altars:
Ashenzari
Cheibriados
Dithmenos
Elyvilon
Fedhas
Gozag
Hepliaklqana
Kikubaaqudgha
Makhleb
Nemelex Xobeh
Okawaru
Qazlal
Ru
Sif Muna
Trog
Uskayaw
Vehumet
Wu Jian
Xom
Yredelemnul
Zin
The Shining One

Shops:
D:5 [

Annotations:
D:8 Joseph


Innate Abilities, Weirdness & Mutations

You are too large for most types of armour.
You have claws for hands.
You are clumsy. (Dex -2)
Your metabolism is lightning-fast.
You like to eat raw meat.
Your natural rate of healing is unusually fast.
You are covered in fur. (AC +1)
You have very tough skin. (AC +2)


Message History

You scratch the wyvern.
The wyvern is severely wounded.
The wyvern bites you!
The wyvern bites you but does no damage.
You claw the wyvern!
The wyvern is almost dead.
The wyvern misses you.
You claw the wyvern!
You kill the wyvern!
The howler monkey closely misses you.
You mangle the howler monkey!!
You kill the howler monkey!
Joseph zaps a wand.
The bolt of acid hits you!
* * * LOW HITPOINT WARNING * * *
You are splashed with acid!
The acid burns!
* * * LOW HITPOINT WARNING * * *
Joseph unwields an uncursed hunting sling.
Joseph wields an uncursed quarterstaff.
Joseph hits you with an uncursed quarterstaff!!
You die...

.###.# #......#
.# #.# #......#
.# #[###......#
.# #..........#
.
####..#...#####
.. #
#.......####
h..
###.##.##....##
.h.h .##.
#.#####..#####
.h... ..#. #.#
##..(@@#......
#.#. #.#
#####S......(
... #.#
##.......
..###. .......
.# .#.....
.##.... . ##
##.. # #.


You could see Joseph and an adder.

Vanquished Creatures
  Pikel (D:7)
  A manticore (D:8)
  A troll (D:8)
  A hippogriff (D:8)
  A wyvern (D:8)
  Menkaure (D:7)
  An orc warrior (D:8)
  2 phantoms
  2 ice beasts
  A necrophage (D:8)
  3 ogres
  2 centaurs (D:5)
  5 big kobolds (D:3)
  5 bullfrogs
  2 scorpions
  A wyvern skeleton (D:8)
  5 wights (D:6)
  3 howler monkeys (D:8)
  3 crimson imps
  2 centaur skeletons
  2 bullfrog skeletons
  5 hounds
  2 jellies (D:6)
  An orc wizard (D:3)
  Jessica (D:3)
  4 iguanas
  3 worker ants
  A killer bee zombie (D:4)
  2 big kobold zombies (Ossuary)
  A hound zombie (D:7)
  2 hound skeletons
  8 mummies (Ossuary)
  A worker ant zombie (D:6)
  Robin (D:3)
  11 gnolls
  11 adders
  2 howler monkey skeletons
  4 shadow imps
  An ooze (D:3)
  An adder skeleton (D:4)
  4 worms (D:2)
  5 dart slugs
  3 leopard geckos
  13 orcs
  5 bats
  8 giant cockroaches
  2 gnoll zombies (Ossuary)
  14 goblins
  6 hobgoblins
  14 jackals
  51 kobolds
  A quokka (D:5)
  2 ball pythons
  6 frilled lizards
  2 jackal skeletons (D:4)
  A leopard gecko skeleton (D:5)
  4 orc zombies (Ossuary)
  4 rats
252 creatures vanquished.

Vanquished Creatures (others)
  A jackal (D:8)
1 creature vanquished.

Grand Total: 253 creatures vanquished

Notes
Turn   | Place    | Note
-------+----------+-------------------------------------------
     0 | D:1      | shamaniam the Troll Transmuter began the quest for the Orb.
     0 | D:1      | Reached XP level 1. HP: 18/18 MP: 1/1
    94 | D:1      | Reached skill level 1 in Fighting
   127 | D:1      | Reached XP level 2. HP: 27/27 MP: 3/3
   634 | D:2      | Reached XP level 3. HP: 24/33 MP: 4/4
   998 | D:2      | Reached XP level 4. HP: 41/41 MP: 5/5
  1032 | D:2      | Learned a level 2 spell: Sticks to Snakes
  1362 | D:3      | Noticed Jessica
  1369 | D:3      | Killed Jessica
  1481 | D:3      | Reached XP level 5. HP: 47/49 MP: 6/6
  1757 | D:3      | Reached skill level 4 in Unarmed Combat
  1892 | D:3      | Reached XP level 6. HP: 44/59 MP: 1/8
  2282 | D:4      | Found a sand-covered staircase.
  2307 | Ossuary  | Entered an ossuary
  2471 | Ossuary  | Reached XP level 7. HP: 53/66 MP: 9/9
  2750 | Ossuary  | Learned a level 5 spell: Blade Hands
  2801 | D:4      | Found a shattered altar of Ashenzari.
  2803 | D:4      | Found a glowing golden altar of the Shining One.
  2805 | D:4      | Found a deep blue altar of Sif Muna.
  2822 | D:4      | Got a pitted spear
  2825 | D:4      | Identified the +2 spear "Bigufaa" {pierce, Str+7 Dex+3
                  | SInv} (You found it on level 4 of the Dungeon)
  2858 | D:4      | Reached skill level 5 in Unarmed Combat
  3094 | D:4      | Found a shimmering altar of Xom.
  3096 | D:4      | Found a hazy altar of Hepliaklqana.
  3096 | D:4      | Noticed a hungry ghost
  3097 | D:4      | Noticed a hungry ghost
  3097 | D:4      | Noticed a spectral ugly thing
  3137 | D:5      | Entered Level 5 of the Dungeon
  3371 | D:5      | Found Xogext's Armour Boutique.
  3394 | D:5      | Bought a +0 shield for 54 gold pieces
  3641 | D:6      | Reached XP level 8. HP: 70/75 MP: 9/11
  3654 | D:6      | Reached skill level 1 in Shields
  3667 | D:6      | Reached skill level 6 in Unarmed Combat
  4523 | D:7      | Noticed Pikel
  4544 | D:7      | Killed Pikel
  4544 | D:7      | Reached skill level 7 in Unarmed Combat
  4544 | D:7      | Reached XP level 9. HP: 34/84 MP: 11/13
  4925 | D:7      | Found a staircase to the Ecumenical Temple.
  4943 | Temple   | Entered the Ecumenical Temple
  5214 | Temple   | Became a worshipper of Ru the Awakened
  5660 | D:3      | Noticed Robin
  5687 | D:3      | Killed Robin
  7297 | D:5      | Gained mutation: You are clumsy. (Dex -2) [Ru sacrifice]
  7976 | D:7      | Learned a level 1 spell: Confusing Touch
  7978 | D:7      | Learned a level 1 spell: Apportation
  8059 | D:7      | Reached skill level 8 in Unarmed Combat
  8088 | D:7      | Noticed Menkaure
  8092 | D:7      | Killed Menkaure
  8124 | D:7      | Found a stormy altar of Qazlal.
  8125 | D:7      | Found a bloodstained altar of Trog.
  8211 | D:7      | Found a blossoming altar of Fedhas.
  8211 | D:7      | Found a burning altar of Makhleb.
  8328 | D:8      | Noticed a manticore
  8328 | D:8      | Noticed a troll
  8334 | D:8      | Killed a troll
  8343 | D:8      | Killed a manticore
  8343 | D:8      | Reached XP level 10. HP: 58/94 MP: 14/14
  8486 | D:8      | Reached skill level 1 in Armour
  8583 | D:8      | Noticed Joseph
  8585 | D:8      | Reached skill level 1 in Hexes
  8598 | D:8      | Reached skill level 5 in Shields
  8624 | D:8      | Slain by Joseph

Skill      XL: |  1  2  3  4  5  6  7  8  9 10 |
---------------+-------------------------------+-----
Fighting       | 1 2 3 4 |  4.9
Transmutations | 2 3 4 |  4.7
Spellcasting   | 2 3 4 |  4.0
Unarmed Combat | 4 5 7 8 |  8.5
Dodging        | 2 3 |  3.0
Shields        | 3 4 5 |  5.1
Armour         | 1 |  1.3
Hexes          | 1 |  1.1

Action                   |  1- 3 |  4- 6 |  7- 9 | 10-12 || total
-------------------------+-------+-------+-------+-------++-------
Melee: Unarmed           |    69 |   218 |   497 |    74 ||   858
       Punch             |       |     2 |     9 |     2 ||    13
       Headbutt          |       |       |     1 |       ||     1
       Kick              |       |       |     2 |       ||     2
 Fire: Blowgun           |       |     6 |       |       ||     6
 Cast: Beastly Appendage |       |       |     3 |       ||     3
Invok: Sacrifice Purity  |       |       |     1 |       ||     1
  Use: Scroll            |       |     4 |    13 |       ||    17
       Potion            |       |       |     2 |       ||     2
 Stab: Sleeping          |       |       |     1 |       ||     1
  Eat: Chunk             |    15 |    13 |    53 |     4 ||    85
Armor: Robe              |    36 |   103 |   155 |    35 ||   329
Dodge: Dodged            |    59 |   145 |   246 |    40 ||   490
Block: Shield            |       |       |     8 |       ||     8
